 Dungeon Crawl Stone Soup version 0.29.0-4-gdea44cf6ec (webtiles) character file.

Game seed: 5069855503902310826

62 qw the Chopper (level 4, 0/26 HPs)
             Began as a Tengu Warper on Aug 28, 2022.
             Succumbed to an adder's poison
             ... on level 2 of the Dungeon.
             The game lasted 00:00:07 (1325 turns).

qw the Chopper (Tengu Warper)                       Turns: 1325, Time: 00:00:08

Health: 0/26       AC: 10    Str: 13    XL:     4   Next: 8%
Magic:  8/8        EV:  3    Int: 13    God:
Gold:   94         SH:  0    Dex: 14    Spells: 7/7 levels left

rFire   . . .      SeeInvis .   Y - +0 hand axe
rCold   . . .      Faith    .   (no shield)
rNeg    . . .      Spirit   .   a - +0 plate armour
rPois   .          Reflect  .   (helmet restricted)
rElec   .          Harm     .   (no cloak)
rCorr   .          Rampage  .   (no gloves)
Will    .....                   (boots unavailable)
Stlth   ..........              (no amulet)
HPRegen 0.08/turn               (no ring)
MPRegen 0.11/turn               (no ring)

@: lethally poisoned (0 -> -3)
A: beak, talons 3
a: no special abilities


You were on level 2 of the Dungeon.
You visited 1 branch of the dungeon, and saw 2 of its levels.

You collected 94 gold pieces.


Innate Abilities, Weirdness & Mutations

You have a beak for a mouth.
You have claws for feet.


   Skills:
 - Level 2.0 Fighting
 + Level 4.2 Axes
 - Level 1.0 Throwing
 - Level 2.1 Armour
 - Level 2.1 Dodging
 - Level 2.0 Spellcasting
 - Level 2.4 Translocations


You had 7 spell levels left.
You didn't know any spells.
Your spell library contained the following spells:

 Spells                   Type           Power      Damage    Failure   Level
 Blink                    Tloc           14%        N/A       100%        2
 Gell's Gravitas          Tloc           7%         N/A       100%        3
 Lesser Beckoning         Tloc           7%         N/A       100%        3
 Teleport Other           Tloc           7%         N/A       100%        3
 Manifold Assault         Tloc           7%         N/A       100%        5

Inventory:

Hand Weapons
 e - a +0 mace
 Y - a +0 hand axe (weapon)
Armour
 a - a +0 plate armour (worn)
Potions
 b - a potion of curing {unknown}
 c - a potion of might {unknown}
 d - a potion of brilliance {unknown}

Dungeon Overview and Level Annotations

Branches:
Dungeon (2/15)

Altars:

Shops:
D:1 =


Message History

The adder bites you. The adder bites you but does no damage.
You slash the adder!
The adder is almost dead.
The adder bites you but does no damage.
You barely miss the adder. Your peck misses the adder.
The adder is almost dead.
The adder bites you but does no damage. The adder bites you.
You are poisoned.
The adder poisons you!
You miss the adder.
The adder is almost dead.
You feel sick. The adder bites you.
You are more poisoned.
The adder poisons you!
You completely miss the adder.
The adder is almost dead.
You hit the ball python.
You kill the ball python!
You feel very sick. The adder barely misses you.
You closely miss the adder.
The adder is almost dead.
You feel sick. The adder barely misses you. The adder bites you.
You are lethally poisoned!
The adder poisons you!
You hit the adder.
You kill the adder!
You feel sick.
Your Armour skill increases to level 2!
You have reached level 4!
You feel agile.
There is a lethal amount of poison in your body!
You feel sick.
There is a lethal amount of poison in your body!
You feel sick.
There is a lethal amount of poison in your body!
You feel sick.
There is a lethal amount of poison in your body!
You feel sick.
There is a lethal amount of poison in your body!
You die...

##+#.....# ....
........# .$.. ........#
..... ....... ......#
..... ........
#...#.#.(.... .......#
##.#...#......
.......####.............
.........##.....@%......
.........##.....#%......
.........##.....#.......
..............###.......
:.............####......
..####..................
..##.......#+#..>.......
.###...#...# .......##.
.###...#...# .....


There were no monsters in sight!

Vanquished Creatures
  An adder (D:2)
  5 dart slugs (D:1)
  2 ball pythons
  4 endoplasms
  A giant cockroach (D:1)
  2 goblins
  6 hobgoblins
  4 jackals (D:1)
  2 quokkas (D:1)
  3 bats
  2 frilled lizards (D:1)
  2 kobolds (D:1)
  5 rats
39 creatures vanquished.

Notes
Turn   | Place    | Note
-------+----------+-------------------------------------------
     0 | D:1      | qw the Tengu Warper began the quest for the Orb.
     0 | D:1      | Reached XP level 1. HP: 12/12 MP: 4/4
     0 | D:1      | 0 ||| qw: Version: 0.1-a-89-g26bdef1
     0 | D:1      | 0 ||| qw: Game counter: 2199
     0 | D:1      | 0 ||| qw: Always use a shield: true
     0 | D:1      | 0 ||| qw: God list: Okawaru
     0 | D:1      | 0 ||| qw: Allow faded altars: false
     0 | D:1      | 0 ||| qw: Do Orc after D:15 true
     0 | D:1      | 0 ||| qw: Do second Lair branch before Depths: true
     0 | D:1      | 0 ||| qw: Lair rune preference: random
     0 | D:1      | 0 ||| qw: Plans: Normal
     0 | D:1      | 0 ||| PLANNING D:1-11
    43 | D:1      | 43 ||| Stepping ~*~*~tactically~*~*~ (stealth).
   285 | D:1      | Reached skill level 3 in Axes
   285 | D:1      | Reached XP level 2. HP: 16/17 MP: 6/6
   458 | D:1      | 458 ||| Stepping ~*~*~tactically~*~*~ (hiding).
   465 | D:1      | Reached XP level 3. HP: 21/21 MP: 7/7
   565 | D:1      | Found Degriysch's Jewellery Shop.
   568 | D:1      | 568 ||| SHOPLISTING +4 ring of protection (360 gold, have
                  | 40).
   568 | D:1      | 568 ||| SHOPLISTING amulet of reflection (300 gold, have
                  | 40).
   568 | D:1      | 568 ||| SHOPLISTING ring of protection from fire (250 gold,
                  | have 40).
   568 | D:1      | 568 ||| READING scroll labelled LOGOEC HITTOR.
   573 | D:1      | 573 ||| Stepping ~*~*~tactically~*~*~ (hiding).
   648 | D:1      | Reached skill level 4 in Axes
  1108 | D:1      | 1108 ||| DROPPING +0 club.
  1131 | D:1      | 1131 ||| UPGRADING to +0 plate armour.
  1141 | D:1      | 1141 ||| DROPPING +0 leather armour.
  1142 | D:1      | 1142 ||| READING scroll labelled VUDONU IWEHA.
  1143 | D:1      | 1143 ||| DROPPING scroll of blinking.
  1320 | D:2      | HP: 5/21 [poisoned by an adder]
  1321 | D:2      | Reached XP level 4. HP: 7/26 MP: 8/8
  1323 | D:2      | HP: 2/26 [poisoned by an adder]
  1325 | D:2      | Succumbed to an adder's poison

Levels and vault maps discovered:
D:1:      dpeg_arrival_pits, layout_loops_ring, serial_shops,
          nicolae_shop_window_shopping, serial_bayou_pond_d
D:2:      layout_basic, serial_bayou_pond_d, st_stairs_14,
          minmay_misc_feat_ornament

Skill      XL: |  1  2  3 |
---------------+----------+-----
Axes           | 3 4 |  4.2
Armour         | 2 |  2.1
Fighting       | |  2.0
Throwing       | |  1.0
Dodging        | |  2.1
Spellcasting   | |  2.0
Translocations | |  2.4

Action                   |  1- 3 |  4- 6 || total
-------------------------+-------+-------++-------
Melee: Hand axe          |    86 |       ||    86
       Kick              |    22 |       ||    22
       Peck              |     8 |       ||     8
Throw: Boomerang         |     7 |       ||     7
  Use: Scroll            |     2 |       ||     2
Armor: Leather armour    |    11 |       ||    11
       Plate armour      |    12 |       ||    12
Dodge: Dodged            |    34 |       ||    34

Table legend:
 A = Non-vault XP
 B = Vault XP
 C = Vault XP percentage of total XP
 D = Non-vault monster count
 E = Vault monster count
 F = Vault count percentage of total count
                 A         B        C        D         E       F
            +---------+---------+-------+---------+---------+-------
      Total |      89 |       0 |   0.0 |      39 |       0 |   0.0
            +---------+---------+-------+---------+---------+-------
        D:1 |      62 |       0 |   0.0 |      30 |       0 |   0.0
        D:2 |      27 |       0 |   0.0 |       9 |       0 |   0.0
            +---------+---------+-------+---------+---------+-------
